[Event "8th Montevideo Open 2025"]
[Site "Montevideo"]
[Date "2025.02.06"]
[Round "6.20"]
[White "Durante, Aurelio"]
[Black "Silva, Juliana Figueira The"]
[Result "0-1"]
[Annotator "NA RC"]
[ECO "B50"]
[WhiteElo "1950"]
[BlackElo "1850"]
[PlyCount "150"]
[EventDate "2025.02.01"]
[EventType "swiss"]
[EventCountry "URU"]
[SourceTitle "playchess.com"]
[Source "ChessBase"]
[SourceQuality "1"]
[TimeControl "5400+30"]

1. e4 c5 2. Nf3 d6 3. c3 Nf6 4. Be2 g6 5. O-O Bg7 6. Re1 O-O 7. Bf1 Nc6 8. h3 e5 9. d4 cxd4 10. cxd4 Nxd4 11. Nxd4 exd4 12. Qxd4 Re8 13. Qd3 Bf5 14. Nc3 d5 15. Bg5 Bxe4 16. Qb5 Re6 17. Rad1 Qe8 18. Qxb7 d4 19. Nxe4 Nxe4 20. Bc1 Re7 21. Qb4 Rb8 22. Qa3 Bf6 23. f3 Nc3 24. Bd2 Nxd1 25. Rxd1 Qc6 26. Bd3 Ree8 27. b3 Qc7 28. f4 Bh4 29. Rc1 Qb6 30. Rf1 Rb7 31. Kh2 Rbe7 32. Qc1 Qb7 33. Qd1 Bf6 34. Qg4 Qc7 35. Bc4 Kh8 36. Kh1 d3 37. f5 Qe5 38. fxg6 fxg6 39. Bxd3 Rd8 40. Bf4 Qd5 41. Bc4 Qe4 42. Qg3 Be5 43. Bxe5+ Rxe5 44. Qc3 Qd4 45. Rf8+ Kg7 46. Rf7+ Kh6 47. Qxd4 Rxd4 48. Rxa7 Re1+ 49. Kh2 Ra1 50. Bg8 Rd2 51. Rxh7+ Kg5 52. h4+ Kf4 53. b4 Rdd1 54. g3+ Kf3 55. Rf7+ Kg4 56. Rf4+ Kh5 57. Rf2 Rab1 58. Bb3 Re1 59. Kh3 Re3 60. Rd2 Rg1 61. Rd5+ Kh6 62. Rg5 Re4 63. Bf7 Rxb4 64. Rxg6+ Kh7 65. Rg5 Rf1 66. Bb3 Rf2 67. Re5 Rd4 68. h5 Kh6 69. Bd5 Rb4 70. Bb3 Rd4 71. Bd5 Rb4 72. Bg8 Rd4 73. Ra5 Rd3 74. Bd5 Rdd2 75. g4 Rd3+ 0-1

[Event "8th Montevideo Open 2025"]
[Site "Montevideo"]
[Date "2025.02.06"]
[Round "6.21"]
[White "Rey Besada, Fernando"]
[Black "Izquierdo, Sebastian"]
[Result "1/2-1/2"]
[Annotator "NA RC"]
[ECO "B01"]
[WhiteElo "2135"]
[BlackElo "1970"]
[PlyCount "93"]
[EventDate "2025.02.01"]
[EventType "swiss"]
[EventCountry "URU"]
[SourceTitle "playchess.com"]
[Source "ChessBase"]
[SourceQuality "1"]
[TimeControl "5400+30"]

1. e4 d5 2. exd5 Nf6 3. Bb5+ Bd7 4. Bc4 Bg4 5. f3 Bf5 6. Nc3 Nbd7 7. Nge2 a6 8. d4 Nb6 9. Bb3 Nfxd5 10. Nxd5 Nxd5 11. c3 e6 12. O-O Be7 13. Bc2 Bxc2 14. Qxc2 O-O 15. Nf4 Nxf4 16. Bxf4 c5 17. Be3 Qc7 18. dxc5 Bxc5 19. Bxc5 Qxc5+ 20. Kh1 Rfd8 21. Rad1 g6 22. Rxd8+ Rxd8 23. Rd1 Rd5 24. Rxd5 Qxd5 25. b3 h5 26. Kg1 Qe5 27. Qd2 h4 28. Qd8+ Kg7 29. Qd4 Qxd4+ 30. cxd4 Kf6 31. Kf2 g5 32. Ke3 Ke7 33. Ke4 Kd6 34. f4 f5+ 35. Ke3 g4 36. g3 hxg3 37. hxg3 Kc6 38. Kd3 a5 39. a4 b5 40. axb5+ Kxb5 41. Kc3 Kb6 42. Kc4 Kc6 43. Kd3 Kb5 44. Kc3 Kb6 45. Kc4 Kc6 46. Kd3 Kd5 47. Ke3 1/2-1/2

[Event "8th Montevideo Open 2025"]
[Site "Montevideo"]
[Date "2025.02.06"]
[Round "6.22"]
[White "Pascualvaca, Federico"]
[Black "Pos, Hans"]
[Result "1-0"]
[Annotator "NA RC"]
[ECO "B40"]
[WhiteElo "1794"]
[BlackElo "1950"]
[PlyCount "135"]
[EventDate "2025.02.01"]
[EventType "swiss"]
[EventCountry "URU"]
[SourceTitle "playchess.com"]
[Source "ChessBase"]
[SourceQuality "1"]
[TimeControl "5400+30"]

1. e4 c5 2. Nf3 e6 3. d4 cxd4 4. Nxd4 Bc5 5. Nb3 Bb6 6. Nc3 a6 7. Qf3 Nc6 8. Bd3 Qf6 9. Qxf6 Nxf6 10. O-O O-O 11. h3 Ne5 12. Be2 d5 13. exd5 Nxd5 14. Nxd5 exd5 15. Rd1 Be6 16. Nd4 Rac8 17. c3 h6 18. Be3 Bxd4 19. Bxd4 Nc6 20. Bf3 Ne7 21. Be5 Rfd8 22. Rd2 Rd7 23. Rad1 f6 24. Bh2 b5 25. Re2 Kf7 26. Rde1 Rc6 27. b3 Rb6 28. Bf4 Bf5 29. Be3 Re6 30. Bc5 Rxe2 31. Rxe2 Be6 32. b4 g6 33. a4 Nf5 34. axb5 axb5 35. Rd2 h5 36. Be2 Rb7 37. Bf3 Rd7 38. Be2 Rb7 39. Bd3 Ng7 40. Ra2 d4 41. Ra8 Bc4 42. Bxc4+ bxc4 43. Rf8+ Ke6 44. Bxd4 Rf7 45. Rc8 Nf5 46. Rxc4 Rd7 47. Rc6+ Rd6 48. Rxd6+ Nxd6 49. Bc5 Nb5 50. c4 Na3 51. b5 Nxc4 52. f4 Kd5 53. Bf2 Nd6 54. b6 Kc6 55. Bd4 f5 56. Kf2 h4 57. Kf3 Ne4 58. Ke3 Nd6 59. Kd3 Kd5 60. Bf2 Kc6 61. Kd4 Kxb6 62. Ke5+ Kc7 63. Ke6 Ne4 64. Bxh4 Nc5+ 65. Kf6 Kd7 66. Kxg6 Ke6 67. Bf2 Ne4 68. Be1 1-0

[Event "8th Montevideo Open 2025"]
[Site "Montevideo"]
[Date "2025.02.06"]
[Round "6.23"]
[White "Esteve, Federico"]
[Black "Martinez Tagliafico, Sergio"]
[Result "1-0"]
[Annotator "NA RC"]
[ECO "D85"]
[WhiteElo "1946"]
[BlackElo "1831"]
[PlyCount "121"]
[EventDate "2025.02.01"]
[EventType "swiss"]
[EventCountry "URU"]
[SourceTitle "playchess.com"]
[Source "ChessBase"]
[SourceQuality "1"]
[TimeControl "5400+30"]

1. d4 Nf6 2. c4 g6 3. Nc3 d5 4. cxd5 Nxd5 5. e4 Nxc3 6. bxc3 Bg7 7. Nf3 c5 8. Bb5+ Bd7 9. Be2 O-O 10. O-O cxd4 11. cxd4 Nc6 12. h3 Rc8 13. Rb1 b6 14. Ba6 Ra8 15. Be2 Qc7 16. Be3 Na5 17. Rc1 Qb7 18. d5 Rac8 19. Qd2 Rxc1 20. Rxc1 Rc8 21. Bd4 Rxc1+ 22. Qxc1 Qc8 23. Qxc8+ Bxc8 24. Bxg7 Kxg7 25. Nd4 Bd7 26. f4 Kf8 27. Kf2 Ke8 28. Ba6 Kd8 29. Nb5 Bxb5 30. Bxb5 Nb7 31. Ke3 Nc5 32. Kd4 Nd7 33. Be2 Kc7 34. e5 f6 35. Bd3 Nc5 36. Bc2 Nd7 37. g4 Nf8 38. h4 h6 39. e6 Kd6 40. Be4 a6 41. Bd3 g5 42. fxg5 fxg5 43. h5 Kc7 44. Ke5 b5 45. Be4 b4 46. Bd3 a5 47. Bc2 Kd8 48. d6 a4 49. Bxa4 Nh7 50. Bc2 Nf6 51. Bf5 Ne8 52. d7 Nf6 53. Kd4 Kc7 54. Kc5 Kd8 55. Kxb4 Nd5+ 56. Kc4 Ne3+ 57. Kd4 Nd1 58. a4 Nb2 59. a5 Kc7 60. Bc2 Kd8 61. Kc3 1-0